 Dungeon Crawl Stone Soup version 0.27-b1-41-gafb5482f4b (webtiles) character file.

Game seed: 10193507137454351668

814 pikapanic the Slasher (level 7, -8/87 HPs)
             Began as a Palentonga Berserker on July 28, 2021.
             Was a Believer of Trog.
             Mangled by JBAR's ghost (18 damage)
             ... on level 5 of the Dungeon.
             The game lasted 00:13:03 (4819 turns).

pikapanic the Slasher (Palentonga Berserker)        Turns: 4819, Time: 00:13:03

Health: -8/87      AC: 16    Str: 23    XL:     7   Next: 62%
Magic:  7/7        EV:  5    Int:  7    God:    Trog [**....]
Gold:   247        SH:  5    Dex:  9    Spells: 6/6 levels left

rFire    . . .     SeeInvis +   a - +0 falchion
rCold    . . .     Faith    .   (no shield)
rNeg     . . .     Spirit   .   o - +0 plate armour
rPois    +         Reflect  +   (no helmet)
rElec    .         Harm     .   (no cloak)
rCorr    .         Rampage  .   (no gloves)
Will     .....                  (no barding)
Stlth    ..........             g - amulet of reflection
HPRegen  0.24/turn              d - ring of poison resistance
MPRegen  0.10/turn              (no ring)

@: berserking, slowed, curled up
A: large, rugged brown scales 3, see invisible, deformed body, roll 1, armoured
tail, reflexive curl
a: Rolling Charge, Renounce Religion, Berserk, Trog's Hand


You were on level 5 of the Dungeon.
You worshipped Trog.
Trog was pleased with you.
You visited 1 branch of the dungeon, and saw 5 of its levels.

You collected 247 gold pieces.

Inventory:

Hand Weapons
 a - a +0 falchion (weapon)
 p - a +2 dagger of venom
 r - a +0 scythe
 v - a +2 dagger of draining
Missiles
 k - a throwing net
 l - 61 bolts
Armour
 b - a +0 animal skin
 c - a +0 ring mail
 o - a +0 plate armour (worn)
 s - a +0 pair of boots
Magical Staves
 u - a staff of death
Jewellery
 d - a ring of poison resistance (left hand)
 g - an amulet of reflection (around neck)
Wands
 n - a wand of mindburst (8)
Scrolls
 h - 2 scrolls of fear
 i - 2 scrolls of immolation
 w - a scroll of identify {unknown}
Potions
 e - a potion of mutation {unknown}
 f - 2 potions of haste {unknown}
 j - 2 potions of curing {unknown}
 m - a potion of might {unknown}
 q - 2 potions of brilliance {unknown}
 t - a potion of heal wounds


   Skills:
 + Level 4.9 Fighting
 + Level 5.8 Long Blades
 + Level 4.3 Armour
 - Level 1.5 Dodging
 + Level 0.8 Stealth
 + Level 1.7 Shields


You had 6 spell levels left.
You didn't know any spells.
Your spell library was empty.

Dungeon Overview and Level Annotations

Branches:
Dungeon (5/15)
 Temple: D:4-7

Altars:
Gozag
Nemelex Xobeh
Beogh

Shops:
D:2 [

Annotations:
D:5 JBAR's ghost, novice GnTm; Prince Ribbit


Innate Abilities, Weirdness & Mutations

You are completely covered in rugged brown scales. (AC +3, +7% HP)
You have supernaturally acute eyesight. (SInv)
Armour fits poorly on your strangely shaped body.
You can roll at nearby foes to attack.
You have a long armoured tail.
You curl defensively after being hit.


Message History

The acid dragon barely misses you.
The water moccasin zombie bites you but does no damage.
You slash the hound!
Your tail-slap misses the hound.
The hound is severely wounded.
The hound bites you but does no damage. The wraith hits you!
The water moccasin zombie bites you.
JBAR's ghost whispers, "Death is liberation."
The acid dragon completely misses you. The acid dragon claws you.
You block the hound's attack. The wraith hits you!
* * * LOW HITPOINT WARNING * * *
The wraith drains your vigour!
You feel as though you will be slow longer.
You slash the hound!
You kill the hound!
Trog accepts your kill. The water moccasin zombie bites you.
* * * LOW HITPOINT WARNING * * *
The acid dragon bites you!
* * * LOW HITPOINT WARNING * * *
The acid dragon claws you but does no damage.
The wraith hits you but does no damage.
You completely miss the acid dragon.
The water moccasin zombie barely misses you.
You block JBAR's ghost's attack. The acid dragon completely misses you.
The acid dragon claws you.
* * * LOW HITPOINT WARNING * * *
You block the water moccasin zombie's attack.
The wraith hits you.
* * * LOW HITPOINT WARNING * * *
You hit the acid dragon.
The acid dragon is lightly wounded.
JBAR's ghost barely misses you. The acid dragon barely misses you. x2
The water moccasin zombie bites you but does no damage.
The wraith hits you but does no damage.
You closely miss the acid dragon. You tail-slap the acid dragon!
The acid dragon is heavily wounded.
JBAR's ghost hits you.
* * * LOW HITPOINT WARNING * * *
You are electrocuted!!
You die...

....#.#..###)............#.
#.#.#.#[)....)#..........#.
#...#.#.##..#####.......##.#####
#####.#.#########.......#......#
#####.#.###.8.##........#......##
......#..#.$..$#........#........
...#######8$$$.'........#......##
##.# #∩$8_.WDZ......#.....:# #.#
#8$.$.W@.[.....#..(...# #.#
#...$.#.....(..#......#
#.########.8∩##........#......#
#......# ### ###.^.....#......#
######.# #.......#<.....# #.#
#########......# #.#### ########
#....# ####.#


You could see a wraith, an acid dragon, JBAR's ghost and a water moccasin
zombie.

Vanquished Creatures
  Sigmund (D:5)
  Blork the orc (D:5)
  2 scorpions (D:4)
  A water moccasin skeleton (D:4)
  3 hounds
  A centaur skeleton (D:4)
  2 orc priests
  3 iguanas
  2 orc wizards (D:5)
  A hound skeleton (D:5)
  2 ufetubi (D:5)
  An adder zombie (D:5)
  2 adder skeletons (D:4)
  A worm (D:2)
  2 dart slugs
  10 orcs
  6 ball pythons
  3 bats (D:3)
  7 endoplasms
  2 giant cockroaches
  3 hobgoblins
  7 jackals
  2 kobolds
  4 quokkas
  2 frilled lizards
  4 goblins
  A rat (D:3)
76 creatures vanquished.

Notes
Turn   | Place    | Note
-------+----------+-------------------------------------------
     0 | D:1      | pikapanic the Palentonga Berserker began the quest for the
                  | Orb.
     0 | D:1      | Reached XP level 1. HP: 19/19 MP: 1/1
   423 | D:1      | Found a faded altar of an unknown god.
   520 | D:2      | Reached XP level 2. HP: 22/25 MP: 2/2
   760 | D:2      | Found Dosivowo's Armour Boutique.
   827 | D:2      | Reached XP level 3. HP: 25/31 MP: 3/3
  1416 | D:3      | Reached XP level 4. HP: 37/37 MP: 4/4
  1436 | D:3      | Reached ** piety under Trog
  1725 | D:3      | Reached skill level 4 in Long Blades
  2272 | D:4      | Noticed a scorpion
  2274 | D:4      | Noticed a scorpion
  2525 | D:4      | Killed a scorpion
  2526 | D:4      | Reached XP level 5. HP: 34/44 MP: 5/5
  2615 | D:4      | Reached skill level 1 in Shields
  2615 | D:4      | Reached XP level 6. HP: 44/52 MP: 6/6
  2706 | D:4      | Found a sparkling altar of Nemelex Xobeh.
  3254 | D:5      | Entered Level 5 of the Dungeon
  3266 | D:5      | Noticed Prince Ribbit
  3271 | D:5      | Noticed Blork the orc
  3283 | D:5      | Killed Blork the orc
  3284 | D:5      | Reached skill level 5 in Long Blades
  3811 | D:5      | Noticed Sigmund
  3832 | D:5      | Killed Sigmund
  3833 | D:5      | Gained mutation: You curl defensively after being hit.
                  | [Palentonga growth]
  3833 | D:5      | Reached XP level 7. HP: 58/58 MP: 7/7
  4796 | D:5      | Found a runed translucent gate.
  4796 | D:5      | Found a runed translucent gate.
  4796 | D:5      | Found a runed translucent gate.
  4798 | D:5      | Found an opulent altar of Gozag.
  4805 | D:5      | Noticed a wraith
  4806 | D:5      | Noticed JBAR's ghost (novice GnTm)
  4819 | D:5      | Mangled by JBAR's ghost

Illustrated notes

Levels and vault maps discovered:
D:1:      minmay_arrival_split_and_join, layout_rooms,
          chequers_ecumenical_altar_twisty, minmay_misc_feat_secret_circle
D:2:      layout_rooms, serial_shops, shop
D:3:      layout_loops_ring, kennysheep_orc_chapel
D:4:      layout_rooms, nemelex_diamond_rough_becter,
          hangedman_abyss_or_decor_passed, minmay_cupped
D:5:      layout_basic, ebering_ghost_gozag, hangedman_abyss_or_decor_stabs,
          uniq_prince_ribbit1, uniq_blork_the_orc, uniq_sigmund

Skill      XL: |  1  2  3  4  5  6  7 |
---------------+----------------------+-----
Armour         | 2 3 4 |  4.3
Long Blades    | 4 5 |  5.8
Fighting       | 4 |  4.9
Shields        | 1 |  1.7
Dodging        | |  1.5
Stealth        | |  0.8

Action                   |  1- 3 |  4- 6 |  7- 9 || total
-------------------------+-------+-------+-------++-------
Melee: Falchion          |    76 |   128 |    66 ||   270
       Tailslap          |    13 |    19 |     6 ||    38
Invok: Berserk           |       |     5 |     4 ||     9
       Trog's Hand       |       |     3 |     2 ||     5
 Abil: Rolling Charge    |    18 |    24 |    11 ||    53
  Use: Scroll            |     2 |     2 |     1 ||     5
       Potion            |       |     3 |       ||     3
Armor: Ring mail         |    25 |    22 |       ||    47
       Plate armour      |       |    47 |    47 ||    94
Dodge: Dodged            |    32 |    25 |    21 ||    78
Block: Other             |    18 |    36 |    16 ||    70
       Rpst.: Falchion   |     5 |     8 |     3 ||    16
